 Dungeon Crawl Stone Soup version 0.30-a0-1176-gcdfb0321a8 (webtiles) character file.

Game seed: 5212026718171173274

7711 Dadi the Arsonist (level 11, -10/61 HPs)
             Began as a Deep Elf Fire Elementalist on Apr 30, 2023.
             Was a Priest of Vehumet.
             Mangled by an orc warrior
             ... wielding a +0 glaive
              (22 damage)
             ... on level 9 of the Dungeon.
             The game lasted 00:29:06 (10604 turns).

Dadi the Arsonist (Deep Elf Fire Elementalist)     Turns: 10604, Time: 00:29:07

Health: -10/61     AC:  5    Str:  5    XL:     11   Next: 0%
Magic:  5/23       EV: 14    Int: 25    God:    Vehumet [***...]
Gold:   744        SH:  0    Dex: 15    Spells: 11/24 levels left

rFire   . . .        d - +1 whip (pain)
rCold   . . .        (no shield)
rNeg    . . .        a - +0 robe
rPois   +            v - +0 hat
rElec   .            I - +2 cloak {rPois}
rCorr   .            (no gloves)
SInv    .            (no boots)
Will    +....        i - amulet of regeneration
Stlth   ++           (no ring)
HPRegen 1.10/turn    (no ring)
MPRegen 0.18/turn

%: no passive effects
@: no status effects
A: no striking features
a: Renounce Religion


You were on level 9 of the Dungeon.
You worshipped Vehumet.
Vehumet was most pleased with you.
You visited 1 branch of the dungeon, and saw 9 of its levels.

You collected 966 gold pieces.
You spent 222 gold pieces at shops.

Inventory:

Hand Weapons
 d - a +1 whip of pain (weapon)
Armour
 a - a +0 robe (worn)
 s - the +0 robe of Lugonu's Indignation {Harm Int-4 Dex+3}
   (You found it on level 4 of the Dungeon)

   Int:       It affects your intelligence (-4).
   Dex:       It affects your dexterity (+3).
   Harm:      It increases damage dealt and taken.
 v - a +0 hat (worn)
 I - a +2 cloak of poison resistance (worn)
Jewellery
 g - an amulet of reflection
 i - an amulet of regeneration (around neck)
 K - a ring of ice
Wands
 k - a wand of charming (10)
 C - a wand of quicksilver (26)
 E - a wand of flame (31)
 H - a wand of mindburst (7)
 N - a wand of polymorph (7)
Scrolls
 c - 2 scrolls of teleportation {unknown}
 h - 7 scrolls of noise {unknown}
 l - 2 scrolls of magic mapping
 p - a scroll of brand weapon {unknown}
 q - 2 scrolls of vulnerability {unknown}
 t - a scroll of enchant armour
 x - a scroll of fear {unknown}
 y - a scroll of fog {unknown}
 z - a scroll of acquirement {unknown}
 B - 2 scrolls of immolation {unknown}
 D - a scroll of torment {unknown}
 J - a scroll of blinking {unknown}
 L - 2 scrolls of identify
Potions
 b - 2 potions of magic
 e - 3 potions of flight
 f - a potion of haste
 j - 2 potions of heal wounds
 m - 2 potions of curing
 n - 2 potions of resistance
 o - 2 potions of brilliance
 r - a potion of cancellation
 u - a potion of berserk rage {unknown}
 w - 2 potions of might {unknown}
 A - 2 potions of lignification {unknown}
 F - a potion of attraction {unknown}
 G - 3 potions of mutation {unknown}
 M - a potion of ambrosia {unknown}


   Skills:
 - Level 4.0 Fighting
 - Level 6.0 Dodging
 - Level 2.4 Stealth
 - Level 7.0 Spellcasting
 - Level 10.0 Conjurations
 - Level 10.0 Fire Magic
 + Level 8.7 Earth Magic


You had 11 spell levels left.
You knew the following spells:

 Your Spells              Type           Power      Damage    Failure   Level
a - Foxfire               Conj/Fire      100%       2x1d9     1%          1
b - Flame Wave            Conj/Fire      56%        2d13      1%          4
c - Scorch                Fire           100%       2d9       1%          2
d - Magic Dart            Conj           100%       1d8       1%          1
e - Freeze                Ice            32%        1d5       1%          1
f - Sticky Flame          Conj/Fire      56%        2d7       1%          4

Your spell library contained the following spells:

 Spells                   Type           Power      Damage    Failure   Level
 Inner Flame              Hex/Fire       33%        N/A       1%          3
 Volatile Blastmotes      Fire/Tloc      66%        2d15      1%          3
 Irradiate                Conj/Tmut      16%        3d17      7%          5
 Passage of Golubria      Tloc           8%         N/A       54%         4
 Blade Hands              Tmut           4%         N/A       88%         5
 Silence                  Hex/Air        4%         N/A       88%         5
 Lehudib's Crystal Spear  Conj/Erth      27%        10d7      90%         8
 Dragon Form              Tmut           4%         N/A       100%        7


Dungeon Overview and Level Annotations

Branches:
Dungeon (9/15)             Temple (0/1) D:4             Orc (0/2) D:9
   Lair: D:8-11

Altars:
Dithmenos
Elyvilon
Kikubaaqudgha
Makhleb
Sif Muna
Vehumet

Shops:
D:9 [(


Message History

Confirm with . or Enter, or press ? or * to list all spells.
Flames lash the ogre.
The ogre is moderately wounded.
The ogre's fire resistance burns away.
The orc warrior hits you from afar with a +0 glaive!
Casting: Scorch (safe; 1% risk of failure)
Confirm with . or Enter, or press ? or * to list all spells.
Casting: Flame Wave (safe; 1% risk of failure)
Press: ? - help, Dir - look around, f - activate A wave of flame ripples out! (Press . to intensify the flame waves.)
The orc warrior hits you from afar with a +0 glaive!
A wave of flame ripples out!
The flame wave engulfs the ogre!
The ogre is burned terribly!
The ogre is severely wounded.
The flame wave engulfs the orc warrior but does no damage.
The orc warrior is heavily wounded.
You hear a shout!
A kobold comes into view. It is wielding a +0 whip.
The orc warrior barely misses you.
The ogre hits you with a +0 giant club!!
* * * LOW HITPOINT WARNING * * *
A wave of flame ripples out!
The flame wave engulfs the ogre!!
The ogre is burned terribly!
You kill the ogre!
Vehumet accepts your kill.
The flame wave engulfs the orc warrior.
The orc warrior is severely wounded.
The flame wave engulfs the gnoll!!
You kill the gnoll!
Vehumet accepts your kill.
You feel your power returning.
You finish channelling waves of flame.
The orc warrior hits you from afar with a +0 glaive.
* * * LOW HITPOINT WARNING * * *
You have reached level 11!
Casting: Flame Wave (safe; 1% risk of failure)
Confirm with . or Enter, or press ? or * to list all spells.
Flames lash the orc warrior but do no damage.
The orc warrior hits you from afar with a +0 glaive!!
You die...

...## #†### #.## #'#
###.# #.# ).. .... # ..#
.... .#. ## #. ###
...... ..###.# #..
.###.........####...#.##
##.. )..'(.......
'.......... ....
.###....... #.........
#.. ...##...... #.@..##
.# #.. .#.# #.....
###.)...#... #... .#.#
#...###...o)...... ....
.#.# #....)...........
..P. ...#
##......P..†...♣.♣ P.P♣
#### #......♣..K.....♣.
P♣ ♣ #..).♣...♣....♣♣♣
## ##........#'''## .#
#...♣.♣♣♣.#...#


You could see an orc warrior and a kobold.

Vanquished Creatures
  4 two-headed ogres
  Maurice (D:8)
  A wraith (D:9)
  A wyvern (D:9)
  A steam dragon (D:8)
  A water moccasin (D:9)
  A hornet zombie (D:7)
  3 orc warriors
  2 sky beasts
  2 ice beasts (D:6)
  6 black bears
  3 ogres
  3 centaurs
  Blork the orc (D:6)
  3 bullfrogs
  3 phantoms
  A gnoll sergeant (D:7)
  2 wyvern zombies (D:7)
  4 scorpions
  5 wights (D:7)
  A killer bee (D:9)
  2 howler monkeys
  A jelly (D:5)
  4 centaur zombies (D:7)
  11 hounds
  4 orc priests
  A sleepcap (D:5)
  2 iguanas
  A gnoll bouda (D:7)
  Natasha (thrice) (D:3)
  14 orc wizards
  A howler monkey zombie (D:7)
  8 gnolls
  11 adders
  4 shadow imps
  2 white imps
  2 ufetubi (D:6)
  A worm (D:5)
  5 dart slugs
  29 orcs
  8 endoplasms
  5 giant cockroaches
  A goblin (D:2)
  5 hobgoblins
  4 jackals
  4 quokkas
  10 ball pythons
  6 bats
  A frilled lizard (D:2)
  12 kobolds
  3 rats (D:1)
214 creatures vanquished.

Vanquished Creatures (collateral kills)
  2 foxfires (D:1)
2 creatures vanquished.

Vanquished Creatures (others)
  746 foxfires
  51 plants (D:9)
  A withered plant (D:7)
798 creatures vanquished.

Grand Total: 1014 creatures vanquished

Notes
Turn   | Place    | Note
-------+----------+-------------------------------------------
     0 | D:1      | Dadi the Deep Elf Fire Elementalist began the quest for the
                  | Orb.
     0 | D:1      | Reached XP level 1. HP: 10/10 MP: 6/6
   556 | D:1      | Reached XP level 2. HP: 15/15 MP: 2/8
  1049 | D:1      | Found a faded altar of an unknown god.
  1568 | D:2      | Reached XP level 3. HP: 15/19 MP: 5/10
  1892 | D:2      | Reached XP level 4. HP: 24/24 MP: 8/12
  2444 | D:3      | Noticed Natasha
  2448 | D:3      | Killed Natasha
  2521 | D:3      | Found a shadowy altar of Dithmenos.
  2588 | D:3      | Learned a level 4 spell: Flame Wave
  2783 | D:3      | Noticed Natasha
  2788 | D:3      | Killed Natasha
  2789 | D:3      | Reached XP level 5. HP: 28/28 MP: 8/14
  3077 | D:3      | Found a radiant altar of Vehumet.
  3082 | D:3      | Reached skill level 5 in Spellcasting
  3088 | D:3      | Got Vehumet's Anthology of Forces
  3091 | D:3      | Became a worshipper of Vehumet
  3119 | D:3      | Found an ancient bone altar of Kikubaaqudgha.
  3126 | D:3      | Reached skill level 5 in Fire Magic
  3152 | D:3      | Found a shimmering blue altar of Sif Muna.
  3157 | D:3      | Reached XP level 6. HP: 32/32 MP: 11/16
  3241 | D:3      | Noticed Natasha
  3246 | D:3      | Killed Natasha
  3400 | D:4      | Learned a level 2 spell: Scorch
  3466 | D:4      | Found a staircase to the Ecumenical Temple.
  3497 | D:4      | Learned a level 1 spell: Magic Dart
  3646 | D:4      | Found a burning altar of Makhleb.
  3783 | D:4      | Identified the +0 robe of Lugonu's Indignation {Harm Int-4
                  | Dex+3}
  3803 | D:4      | Reached XP level 7. HP: 36/36 MP: 12/18
  3850 | D:4      | Found a white marble altar of Elyvilon.
  4183 | D:5      | Entered Level 5 of the Dungeon
  4361 | D:5      | Reached skill level 5 in Conjurations
  4643 | D:5      | Reached * piety under Vehumet
  4643 | D:5      | Offered knowledge of Shock by Vehumet.
  5103 | D:5      | Reached XP level 8. HP: 25/41 MP: 11/20
  6221 | D:6      | Noticed Blork the orc
  6233 | D:6      | Killed Blork the orc
  6397 | D:6      | Reached XP level 9. HP: 37/45 MP: 13/21
  6403 | D:6      | Offered knowledge of Freeze by Vehumet.
  6507 | D:6      | Learned a level 1 spell: Freeze
  6677 | D:6      | Reached ** piety under Vehumet
  7250 | D:7      | Reached skill level 10 in Fire Magic
  7415 | D:7      | Reached skill level 1 in Fighting
  7430 | D:7      | HP: 2/44 [orc priest/+0 club (2)]
  7603 | D:7      | Offered knowledge of Static Discharge by Vehumet.
  7806 | D:7      | Reached skill level 10 in Conjurations
  7932 | D:7      | Reached *** piety under Vehumet
  8439 | D:8      | Noticed Maurice
  8625 | D:8      | Noticed a two-headed ogre
  8658 | D:8      | Killed a two-headed ogre
  8659 | D:8      | Reached skill level 5 in Dodging
  8659 | D:8      | Reached XP level 10. HP: 33/56 MP: 11/22
  8733 | D:8      | Noticed a two-headed ogre
  8761 | D:8      | HP: 2/56 [something] (3)]
  8867 | D:8      | Killed Maurice
  9132 | D:8      | Killed a two-headed ogre
  9563 | D:8      | Reached skill level 5 in Earth Magic
  9662 | D:9      | Noticed a two-headed ogre
  9665 | D:9      | Noticed a two-headed ogre
  9673 | D:9      | Killed a two-headed ogre
  9887 | D:9      | Found Hoem's Armour Emporium.
  9887 | D:9      | Found a staircase to the Orcish Mines.
  9887 | D:9      | Found Sinumut's Weapon Emporium.
  9897 | D:9      | Bought a +2 cloak of poison resistance for 222 gold pieces
  9930 | D:9      | HP: 2/56 [two-headed ogre/+0 giant spiked club (24)]
  9931 | D:9      | Killed a two-headed ogre
 10305 | D:9      | Noticed a six-headed hydra
 10570 | D:9      | Offered knowledge of Sticky Flame by Vehumet.
 10576 | D:9      | Learned a level 4 spell: Sticky Flame
 10604 | D:9      | Reached XP level 11. HP: 11/61 MP: 7/23
 10604 | D:9      | Mangled by an orc warrior

Illustrated notes

Levels and vault maps discovered:
D:1:      dpeg_arrival_triangle_fractal, layout_basic,
          dreamdust_ecumenical_altar_sealed_demon
D:2:      layout_rooms, serial_park_tiny_1, minmay_domino_2
D:3:      layout_rooms, palyth_temple_overflow_mages, grunt_dithmenos_smoke,
          grunt_decor_one_mirror, minivault_11, uniq_natasha
D:4:      layout_rooms, mainiacjoe_overflow_catch_the_wave,
          minmay_temple_entry_glassed_door
D:5:      layout_rooms, chequers_serial_rivers_micro_d,
          chequers_serial_rivers_room_a, nrook_pool_corridor
D:6:      minmay_polygon_palace, layout_loops_corners, uniq_blork_the_orc
D:7:      layout_cave_pools, serial_undead, serial_undead_e, serial_undead_d,
          serial_undead_a, serial_undead_c
D:8:      layout_basic, uniq_maurice
D:9:      kennysheep_housing_project, layout_loops_corners, orc_david_3,
          minmay_shattered_shrine

Skill      XL: |  1  2  3  4  5  6  7  8  9 10 |
---------------+-------------------------------+-----
Conjurations   | 2 3 4 6 8 10 | 10.0
Spellcasting   | 4 5 6 7 |  7.0
Fire Magic     | 4 5 7 8 10 | 10.0
Fighting       | 3 4 |  4.0
Dodging        | 5 6 |  6.0
Earth Magic    | 8 |  8.7
Stealth        | |  2.4

Action                     |  1- 3 |  4- 6 |  7- 9 | 10-12 || total
---------------------------+-------+-------+-------+-------++-------
  Melee: Whip              |     9 |     6 |    11 |       ||    26
         Punch             |     1 |       |       |       ||     1
   Cast: Foxfire           |    88 |    99 |   236 |    18 ||   441
         Magic Dart        |       |    23 |    43 |    48 ||   114
         Flame Wave        |       |       |    23 |    22 ||    45
         Scorch            |       |       |     1 |    18 ||    19
         Freeze            |       |       |       |     1 ||     1
    Use: Scroll            |       |       |     1 |     8 ||     9
         Potion            |       |       |       |     1 ||     1
 Armour: Robe              |     3 |     1 |    11 |     2 ||    17
  Dodge: Dodged            |    13 |     2 |    66 |    35 ||   116

Table legend: (Time is in decaauts)
 A = Elapsed time spent in this place.
 B = Non-inter-level travel time spent in this place.
 C = Inter-level travel time spent in this place.
 D = Time resting spent in this place.
 E = Time spent auto-exploring this place.
 F = Levels seen in this place.
 G = Mean time per level.
                   A        B        C        D        E       F      G
               +--------+--------+--------+--------+--------+-----+--------+
         Total |  10600 |  10237 |    363 |   2270 |   6434 |   9 | 1177.8 |
       Dungeon |  10600 |  10237 |    363 |   2270 |   6434 |   9 | 1177.8 |
               +--------+--------+--------+--------+--------+-----+--------+

Top non-repeatable levels by time:
     D:6: 2045 daAuts
     D:8: 1352 daAuts
     D:1: 1245 daAuts
     D:2: 1155 daAuts
     D:5: 1015 daAuts
     D:9: 1000 daAuts
     D:7: 993 daAuts
     D:3: 989 daAuts
     D:4: 802 daAuts
